 Dungeon Crawl Stone Soup version 0.30-a0-168-g0b976cbdc4 (webtiles) character file.

Game seed: 2176805374474345377

4624 qw the Cleaver (level 10, -1/65 HPs)
             Began as a Gargoyle Fighter on Sept 29, 2022.
             Slain by a six-headed hydra (3 damage)
             ... on level 8 of the Dungeon.
             The game lasted 00:03:05 (7777 turns).

qw the Cleaver (Gargoyle Fighter)                   Turns: 7777, Time: 00:03:06

Health: -1/65      AC: 23    Str: 23    XL:     10   Next: 42%
Magic:  0/10       EV:  8    Int: 10    God:
Gold:   201        SH:  5    Dex: 15    Spells: 9/9 levels left

rFire   + . .      SeeInvis +    y - +1 flail (vorpal)
rCold   . . .      Faith    .    c - +0 buckler
rNeg    + . .      Spirit   +    w - +2 chain mail {rF+}
rPois   inf        Reflect  .    f - +2 hat
rElec   +          Harm     .    (no cloak)
rCorr   .          Rampage  .    (no gloves)
Will    .....                    n - +1 pair of boots
Stlth   ..........               g - amulet of guardian spirit
HPRegen 0.20/turn                l - ring of see invisible
MPRegen 0.12/turn                p - +6 ring of dexterity

@: about to teleport
A: sickness immunity, AC +7, negative energy resistance 1, electricity
resistance, torment resistance 1, petrification resistance
a: no special abilities


You were on level 8 of the Dungeon.
You visited 2 branches of the dungeon, and saw 9 of its levels.

You collected 417 gold pieces.
You spent 216 gold pieces at shops.


Innate Abilities, Weirdness & Mutations

You are immune to sickness and miasma.
Your stone body is resilient. (AC +7)
You are immune to poison.
You resist negative energy. (rN+)
You are resistant to electric shocks. (rElec)
You are resistant to unholy torment.
You are immune to petrification.


   Skills:
 - Level 8.7 Fighting
 + Level 10.5 Axes
 - Level 1.0 Throwing
 - Level 5.5 Armour
 - Level 2.0 Dodging
 - Level 5.4 Shields


You had 9 spell levels left.
You didn't know any spells.
Your spell library was empty.

Inventory:

Hand Weapons
 y - a +1 vorpal flail (weapon)
 Y - a +2 vorpal broad axe
Missiles
 q - a boomerang (quivered)
Armour
 c - a +0 buckler (worn)
 f - a +2 hat (worn)
 i - +0 ice dragon scales
 n - a +1 pair of boots (worn)
 o - the +0 ring mail "Hash" {rCorr Str+2 Int+3}
   (You took it off a gnoll on level 5 of the Dungeon)

   Str:       It affects your strength (+2).
   Int:       It affects your intelligence (+3).
   rCorr:     It protects you from acid and corrosion.
 w - a +2 chain mail of fire resistance (worn)
Jewellery
 g - an amulet of guardian spirit (around neck)
 l - a ring of see invisible (left hand)
 p - a +6 ring of dexterity (right hand)
Scrolls
 e - a scroll of identify
Potions
 a - a potion of haste {unknown}
 b - a potion of lignification
 d - 2 potions of might
 h - 5 potions of curing
 j - a potion of attraction
 k - a potion of cancellation
 t - a potion of heal wounds {unknown}
 u - a potion of resistance {unknown}

Dungeon Overview and Level Annotations

Branches:
Dungeon (8/15)             Temple (1/1) D:5
   Lair: D:8-11

Altars:
Ashenzari
Dithmenos
Elyvilon
Fedhas
Hepliaklqana
Kikubaaqudgha
Makhleb
Qazlal
Ru
Uskayaw
Vehumet
Wu Jian
Xom
Yredelemnul
Zin
The Shining One

Shops:
D:6 ?

Annotations:
D:8 2 runed translucent doors


Message History

You start resting.
Magic restored.
You start resting.
A six-headed hydra is nearby!
7769 ||| Stepping ~*~*~tactically~*~*~ (stealth).
Throw: boomerang
Press: ? - help, Q - select action Shift-Dir - straight line, f - six-headed hydra You throw a boomerang.
The boomerang hits the six-headed hydra!
The six-headed hydra is lightly wounded.
Throw: boomerang
Press: ? - help, Q - select action Shift-Dir - straight line, f/p - six-headed hydra You throw a boomerang.
The boomerang hits the six-headed hydra.
The six-headed hydra is lightly wounded.
Throw: boomerang
Press: ? - help, Q - select action Shift-Dir - straight line, f/p - six-headed hydra You throw a boomerang.
The boomerang hits the six-headed hydra.
The six-headed hydra is moderately wounded.
7773 ||| SWAPPING to +1 vorpal flail.
y - a +1 vorpal flail (weapon)
You sock the six-headed hydra!
The six-headed hydra is moderately wounded.
The six-headed hydra bites you.
The six-headed hydra bites you but does no damage.
The six-headed hydra bites you! The six-headed hydra bites you.
You block the six-headed hydra's attack.
The six-headed hydra closely misses you.
You thump the six-headed hydra!
The six-headed hydra is heavily wounded.
The six-headed hydra bites you! x2
The six-headed hydra bites you but does no damage. x4
7777 ||| READING scroll of teleportation.
As you read the scroll of teleportation, it crumbles to dust.
You feel strangely unstable. The six-headed hydra bites you!
The six-headed hydra bites you but does no damage.
The six-headed hydra bites you.
You die...

#.......?........##.#.#.##.
#...7777'7777.[[.#.###.#.#.
#...+.......+..[#.}.###.7.#
#...7.#...#.7....#.#.###.#.
#...7.#._.#.7....####.####.
##..7.#...#.7>.#..##.}.##..
##.'.......'..#...##.##..#
##7777+7777........#....<
#..@D...#.###......#
#######...# #.####..
#.(.###.# ### ###...#.# #
########.....#
#......#..#..##
#.####........### #.#
###........## #.#
###.......##


You could see a six-headed hydra.

Vanquished Creatures
  A centaur warrior (D:8)
  A death drake (shapeshifter) (D:8)
  A cyclops (D:8)
  2 hornets (D:8)
  Sigmund (D:5)
  2 water moccasins
  An ice beast (D:5)
  A black bear (D:7)
  An ogre (D:4)
  2 centaurs (D:7)
  A necrophage (D:6)
  A gnoll sergeant (D:4)
  3 scorpions
  7 wights
  4 howler monkeys (D:8)
  2 bullfrog zombies (D:5)
  5 hounds
  5 jellies
  2 orc priests
  3 gnoll boudas
  2 iguanas
  Natasha (thrice) (D:2)
  7 orc wizards
  5 adders
  16 gnolls
  3 shadow imps
  2 white imps
  An ufetubus (D:6)
  3 worms
  3 dart slugs
  25 orcs
  3 endoplasms
  3 giant cockroaches
  5 goblins
  8 hobgoblins
  7 jackals
  5 kobolds
  4 quokkas
  5 ball pythons
  3 bats
  2 frilled lizards
  4 rats
165 creatures vanquished.

Notes
Turn   | Place    | Note
-------+----------+-------------------------------------------
     0 | D:1      | qw the Gargoyle Fighter began the quest for the Orb.
     0 | D:1      | Reached XP level 1. HP: 14/14 MP: 1/1
     0 | D:1      | 0 ||| qw: Version: 0.2-a-12-gaebbb33
     0 | D:1      | 0 ||| qw: Game counter: 1160
     0 | D:1      | 0 ||| qw: Always use a shield: true
     0 | D:1      | 0 ||| qw: God list: Okawaru
     0 | D:1      | 0 ||| qw: Allow faded altars: false
     0 | D:1      | 0 ||| qw: Do Orc after D:15 true
     0 | D:1      | 0 ||| qw: Do second Lair branch before Depths: true
     0 | D:1      | 0 ||| qw: Lair rune preference: random
     0 | D:1      | 0 ||| qw: Plans: Normal, Zot:1-4, God:TSO, Crypt, Tomb,
                  | Pan, Slime:5, Hells, Abyss, Orb
     0 | D:1      | 0 ||| PLANNING D:1-11
    32 | D:1      | 32 ||| Stepping ~*~*~tactically~*~*~ (stealth).
    39 | D:1      | Reached skill level 2 in Axes
   221 | D:1      | Reached XP level 2. HP: 19/19 MP: 2/2
   233 | D:1      | 233 ||| Stepping ~*~*~tactically~*~*~ (stealth).
   246 | D:1      | 246 ||| Stepping ~*~*~tactically~*~*~ (stealth).
   249 | D:1      | 249 ||| Stepping ~*~*~tactically~*~*~ (stealth).
   250 | D:1      | 250 ||| Stepping ~*~*~tactically~*~*~ (stealth).
   265 | D:1      | 265 ||| Stepping ~*~*~tactically~*~*~ (stealth).
   266 | D:1      | 266 ||| Stepping ~*~*~tactically~*~*~ (stealth).
   860 | D:1      | 860 ||| UPGRADING to +1 hat.
   865 | D:1      | 865 ||| UPGRADING to +0 ice dragon scales.
   875 | D:1      | 875 ||| UPGRADING to ring of see invisible.
   876 | D:1      | 876 ||| READING scroll labelled UTEILO TOLETOG.
   877 | D:1      | 877 ||| READING scroll labelled OLEITE FIAHA.
   878 | D:1      | 878 ||| READING scroll labelled TYACIADIFI.
   879 | D:1      | 879 ||| READING scroll labelled QIBIOL DOIMU.
   880 | D:1      | 880 ||| READING 2 scrolls labelled BUBIHE JEGOPU.
   881 | D:1      | 881 ||| READING scroll labelled MOSEAG YBLULUI.
   882 | D:1      | 882 ||| DROPPING scroll of magic mapping.
   955 | D:2      | Reached skill level 3 in Axes
   955 | D:2      | Reached XP level 3. HP: 21/23 MP: 3/3
  1158 | D:2      | Noticed Natasha
  1164 | D:2      | Killed Natasha
  1165 | D:2      | Reached XP level 4. HP: 28/28 MP: 4/4
  1173 | D:2      | Reached skill level 4 in Axes
  1189 | D:2      | Noticed Natasha
  1190 | D:2      | 1190 ||| Stepping ~*~*~tactically~*~*~ (stealth).
  1192 | D:2      | 1192 ||| Stepping ~*~*~tactically~*~*~ (stealth).
  1203 | D:2      | Killed Natasha
  1449 | D:2      | Noticed Natasha
  1457 | D:2      | Killed Natasha
  1458 | D:2      | Reached XP level 5. HP: 31/32 MP: 5/5
  1595 | D:2      | 1595 ||| READING scroll labelled TUIDOE MEAJE.
  1649 | D:3      | Found a faded altar of an unknown god.
  1685 | D:3      | 1685 ||| DROPPING +0 club.
  1691 | D:3      | 1691 ||| Stepping ~*~*~tactically~*~*~ (stealth).
  1774 | D:3      | Reached skill level 5 in Axes
  1963 | D:3      | 1963 ||| Stepping ~*~*~tactically~*~*~ (hiding).
  1972 | D:3      | Reached XP level 6. HP: 35/38 MP: 6/6
  2173 | D:3      | 2173 ||| Stepping ~*~*~tactically~*~*~ (stealth).
  2176 | D:3      | 2176 ||| Stepping ~*~*~tactically~*~*~ (stealth).
  2177 | D:3      | 2177 ||| Stepping ~*~*~tactically~*~*~ (stealth).
  2191 | D:3      | 2191 ||| READING scroll of enchant armour.
  2191 | D:3      | 2191 ||| ENCHANTING +1 hat.
  2239 | D:3      | 2239 ||| Stepping ~*~*~tactically~*~*~ (stealth).
  2400 | D:3      | 2400 ||| DROPPING +0 scale mail.
  2401 | D:3      | 2401 ||| READING scroll labelled KIGUKHL PEFUWKU.
  2404 | D:3      | 2404 ||| READING scroll labelled LOILOF WUNLEPN.
  2505 | D:3      | 2505 ||| READING scroll labelled LOAMIOTTURCH.
  2567 | D:3      | 2567 ||| READING scroll labelled OMOESU UTIMO.
  2568 | D:3      | 2568 ||| READING scroll labelled GUL HAUTRO.
  2569 | D:3      | 2569 ||| READING scroll labelled ESKYXK SAELU.
  2570 | D:3      | 2570 ||| READING 3 scrolls of identify.
  2570 | D:3      | 2570 ||| IDENTIFYING bubbling coppery potion
  2571 | D:3      | 2571 ||| READING 2 scrolls of identify.
  2571 | D:3      | 2571 ||| IDENTIFYING lumpy silvery potion
  2572 | D:3      | 2572 ||| DROPPING potion of magic.
  2573 | D:3      | 2573 ||| DROPPING potion of berserk rage.
  2644 | D:4      | 2644 ||| Stepping ~*~*~tactically~*~*~ (hiding).
  2645 | D:4      | 2645 ||| Stepping ~*~*~tactically~*~*~ (hiding).
  2665 | D:4      | Reached skill level 6 in Axes
  2783 | D:4      | 2783 ||| FLEEEEING.
  2784 | D:4      | 2784 ||| FLEEEEING.
  2785 | D:4      | 2785 ||| FLEEEEING.
  2786 | D:4      | 2786 ||| FLEEEEING.
  2787 | D:4      | 2787 ||| FLEEEEING.
  2788 | D:4      | 2788 ||| FLEEEEING.
  2790 | D:4      | 2790 ||| STAIRDANCE
  2950 | D:4      | 2950 ||| Stepping ~*~*~tactically~*~*~ (stealth).
  2954 | D:4      | 2954 ||| Stepping ~*~*~tactically~*~*~ (stealth).
  2956 | D:4      | 2956 ||| Stepping ~*~*~tactically~*~*~ (stealth).
  2957 | D:4      | 2957 ||| Stepping ~*~*~tactically~*~*~ (stealth).
  2959 | D:4      | Reached XP level 7. HP: 42/43 MP: 7/7
  2993 | D:4      | 2993 ||| Stepping ~*~*~tactically~*~*~ (hiding).
  2995 | D:4      | 2995 ||| Stepping ~*~*~tactically~*~*~ (hiding).
  2996 | D:4      | 2996 ||| Stepping ~*~*~tactically~*~*~ (hiding).
  3152 | D:4      | 3152 ||| Stepping ~*~*~tactically~*~*~ (stealth).
  3578 | D:4      | 3578 ||| UPGRADING to amulet of guardian spirit.
  3583 | D:4      | 3583 ||| READING 3 scrolls of identify.
  3583 | D:4      | 3583 ||| IDENTIFYING inky potion
  3584 | D:4      | 3584 ||| READING 2 scrolls of identify.
  3584 | D:4      | 3584 ||| IDENTIFYING red potion
  3585 | D:4      | 3585 ||| DROPPING potion of brilliance.
  3607 | D:5      | Entered Level 5 of the Dungeon
  3613 | D:5      | 3613 ||| STAIRDANCE
  3702 | D:5      | Found a staircase to the Ecumenical Temple.
  3703 | D:5      | 3703 ||| PLANNING TEMPLE
  3705 | D:5      | 3705 ||| FLEEEEING.
  3708 | D:5      | 3708 ||| STAIRDANCE
  3731 | Temple   | Entered the Ecumenical Temple
  3796 | Temple   | 3796 ||| PLANNING D:1-11
  3820 | D:5      | Found a shadowy altar of Dithmenos.
  3822 | D:5      | Noticed Sigmund
  3823 | D:5      | 3823 ||| Stepping ~*~*~tactically~*~*~ (hiding).
  3837 | D:5      | Killed Sigmund
  3838 | D:5      | Reached skill level 7 in Axes
  3890 | D:5      | 3890 ||| READING scroll of brand weapon.
  3890 | D:5      | 3890 ||| BRANDING +0 war axe of venom.
  3966 | D:5      | Reached XP level 8. HP: 43/48 MP: 6/8
  3983 | D:5      | 3983 ||| Stepping ~*~*~tactically~*~*~ (stealth).
  4144 | D:5      | Found a basalt altar of Yredelemnul.
  4227 | D:5      | 4227 ||| Stepping ~*~*~tactically~*~*~ (stealth).
  4236 | D:5      | 4236 ||| Stepping ~*~*~tactically~*~*~ (stealth).
  4240 | D:5      | 4240 ||| Stepping ~*~*~tactically~*~*~ (stealth).
  4305 | D:5      | 4305 ||| Stepping ~*~*~tactically~*~*~ (stealth).
  4323 | D:5      | 4323 ||| Stepping ~*~*~tactically~*~*~ (hiding).
  4329 | D:5      | Identified the +0 ring mail "Hash" {rCorr Str+2 Int+3}
  4597 | D:5      | 4597 ||| Stepping ~*~*~tactically~*~*~ (stealth).
  4619 | D:5      | Reached skill level 8 in Axes
  4935 | D:5      | 4935 ||| UPGRADING to +0 pair of boots.
  4940 | D:5      | 4940 ||| UPGRADING to +6 ring of dexterity.
  4951 | D:6      | Found Javer's Magic Scroll Shop.
  4962 | D:6      | 4962 ||| BUYING scroll of enchant armour (90 gold).
  4962 | D:6      | Bought a scroll of enchant armour for 90 gold pieces
  4962 | D:6      | 4962 ||| BUYING scroll of enchant weapon (90 gold).
  4962 | D:6      | Bought a scroll of enchant weapon for 90 gold pieces
  4962 | D:6      | 4962 ||| BUYING scroll of teleportation (36 gold).
  4962 | D:6      | Bought a scroll of teleportation for 36 gold pieces
  4962 | D:6      | 4962 ||| READING scroll of enchant armour.
  4962 | D:6      | 4962 ||| ENCHANTING +0 pair of boots.
  4963 | D:6      | 4963 ||| READING scroll of enchant weapon.
  4963 | D:6      | 4963 ||| ENCHANTING +0 war axe of protection.
  5056 | D:6      | Reached skill level 6 in Fighting
  5171 | D:6      | 5171 ||| Stepping ~*~*~tactically~*~*~ (stealth).
  5173 | D:6      | 5173 ||| Stepping ~*~*~tactically~*~*~ (stealth).
  5183 | D:6      | 5183 ||| Stepping ~*~*~tactically~*~*~ (stealth).
  5184 | D:6      | 5184 ||| Stepping ~*~*~tactically~*~*~ (stealth).
  5185 | D:6      | 5185 ||| Stepping ~*~*~tactically~*~*~ (stealth).
  5239 | D:6      | 5239 ||| Stepping ~*~*~tactically~*~*~ (hiding).
  5247 | D:6      | Reached skill level 1 in Throwing
  5742 | D:7      | Reached XP level 9. HP: 19/55 MP: 5/9
  5950 | D:7      | 5950 ||| READING scroll of enchant weapon.
  5950 | D:7      | 5950 ||| ENCHANTING +1 war axe of protection.
  6034 | D:7      | Found a broken altar of Ashenzari.
  6051 | D:7      | 6051 ||| SWAPPING to +2 vorpal broad axe.
  6052 | D:7      | 6052 ||| DROPPING +2 war axe of protection.
  6089 | D:7      | Reached skill level 9 in Axes
  6120 | D:7      | 6120 ||| Stepping ~*~*~tactically~*~*~ (hiding).
  6148 | D:7      | 6148 ||| DROPPING +0 flail.
  6360 | D:7      | 6360 ||| Stepping ~*~*~tactically~*~*~ (hiding).
  6361 | D:7      | 6361 ||| Stepping ~*~*~tactically~*~*~ (hiding).
  6817 | D:7      | 6817 ||| DROPPING +0 chain mail.
  6818 | D:7      | 6818 ||| UPGRADING to +2 chain mail of fire resistance.
  6828 | D:7      | 6828 ||| READING 5 scrolls of identify.
  6828 | D:7      | 6828 ||| IDENTIFYING amethyst potion
  6829 | D:7      | 6829 ||| READING 4 scrolls of identify.
  6829 | D:7      | 6829 ||| IDENTIFYING cyan potion
  6830 | D:7      | 6830 ||| READING 3 scrolls of identify.
  6830 | D:7      | 6830 ||| IDENTIFYING white potion
  6831 | D:7      | 6831 ||| READING 2 scrolls of identify.
  6831 | D:7      | 6831 ||| IDENTIFYING sapphire potion
  6832 | D:7      | 6832 ||| DROPPING potion of degeneration.
  6833 | D:7      | 6833 ||| DROPPING potion of flight.
  6913 | D:8      | Noticed a hornet
  6919 | D:8      | Killed a hornet
  7049 | D:8      | 7049 ||| Stepping ~*~*~tactically~*~*~ (hiding).
  7077 | D:8      | Found a hide-covered altar of Uskayaw.
  7095 | D:8      | Reached skill level 10 in Axes
  7123 | D:8      | 7123 ||| Stepping ~*~*~tactically~*~*~ (stealth).
  7154 | D:8      | Noticed a hornet
  7162 | D:8      | Killed a hornet
  7163 | D:8      | 7163 ||| Stepping ~*~*~tactically~*~*~ (stealth).
  7164 | D:8      | 7164 ||| FLEEEEING.
  7165 | D:8      | 7165 ||| FLEEEEING.
  7166 | D:8      | 7166 ||| FLEEEEING.
  7167 | D:8      | 7167 ||| Stepping ~*~*~tactically~*~*~ (stealth).
  7198 | D:8      | Noticed a death drake
  7199 | D:8      | 7199 ||| Stepping ~*~*~tactically~*~*~ (stealth).
  7215 | D:8      | Killed a death drake
  7216 | D:8      | Reached XP level 10. HP: 48/65 MP: 7/10
  7228 | D:8      | 7228 ||| FLEEEEING.
  7228 | D:8      | Noticed a cyclops
  7229 | D:8      | 7229 ||| FLEEEEING.
  7230 | D:8      | 7230 ||| FLEEEEING.
  7231 | D:8      | 7231 ||| FLEEEEING.
  7234 | D:8      | 7234 ||| FLEEEEING.
  7235 | D:8      | 7235 ||| FLEEEEING.
  7236 | D:8      | 7236 ||| FLEEEEING.
  7237 | D:8      | 7237 ||| FLEEEEING.
  7238 | D:8      | 7238 ||| FLEEEEING.
  7239 | D:8      | 7239 ||| FLEEEEING.
  7240 | D:8      | 7240 ||| FLEEEEING.
  7241 | D:8      | 7241 ||| FLEEEEING.
  7242 | D:8      | 7242 ||| FLEEEEING.
  7243 | D:8      | 7243 ||| STAIRDANCE
  7296 | D:7      | 7296 ||| READING scroll labelled BISYZX NOYPEO.
  7297 | D:7      | 7297 ||| READING 2 scrolls of identify.
  7297 | D:7      | 7297 ||| IDENTIFYING ruby potion
  7303 | D:8      | Killed a cyclops
  7304 | D:8      | 7304 ||| STAIRDANCE
  7536 | D:8      | Found a stormy altar of Qazlal.
  7567 | D:8      | Found a burning altar of Makhleb.
  7604 | D:8      | Found a runed translucent door.
  7604 | D:8      | Found a runed translucent door.
  7604 | D:8      | Noticed a cyclops
  7604 | D:8      | Noticed a centaur warrior
  7604 | D:8      | Noticed a purple ugly thing
  7614 | D:8      | Identified the ring of Disaster {rElec rCorr Int+7}
  7614 | D:8      | Noticed a centaur warrior
  7615 | D:8      | 7615 ||| Stepping ~*~*~tactically~*~*~ (stealth).
  7623 | D:8      | Noticed a six-headed hydra
  7626 | D:8      | 7626 ||| SWAPPING to +1 vorpal flail.
  7628 | D:8      | Killed a centaur warrior
  7628 | D:8      | Noticed a cyclops
  7630 | D:8      | HP: 16/65 [six-headed hydra (5)]
  7631 | D:8      | 7631 ||| READING 2 scrolls of teleportation.
  7634 | D:8      | 7634 ||| SWAPPING to +2 vorpal broad axe.
  7769 | D:8      | 7769 ||| Stepping ~*~*~tactically~*~*~ (stealth).
  7773 | D:8      | 7773 ||| SWAPPING to +1 vorpal flail.
  7776 | D:8      | HP: 15/65 [six-headed hydra (8)]
  7776 | D:8      | HP: 7/65 [six-headed hydra (8)]
  7777 | D:8      | 7777 ||| READING scroll of teleportation.
  7777 | D:8      | HP: 2/65 [six-headed hydra (6)]
  7777 | D:8      | Slain by a six-headed hydra

Levels and vault maps discovered:
D:1:      minmay_arrival_open_corners, layout_basic, minmay_stone_trees_small,
          minivault_23
D:2:      layout_basic, minivault_11, uniq_natasha
D:3:      layout_loops_cross, shapermc_ecumenical_altar_starsandcircs,
          chequers_serial_rivers_room_b
D:4:      layout_gridville
D:5:      layout_loops_cross, lemuel_zombie_altar_yredelemnul,
          old_standard_altar, minmay_temple_entry_overgrown, uniq_sigmund
D:6:      layout_cave_pools, serial_shops, nicolae_stop_n_shop_1
D:7:      layout_cave_pods, mainiacjoe_overflow_surrounded_room
D:8:      minmay_the_grid_triangle_9x9_rhombus_thin
          [minmay_the_grid_triangle_9x9_corruption,
          minmay_the_grid_triangle_9x9_prize_special,
          minmay_the_grid_triangle_9x9_wacky_v,
          minmay_the_grid_triangle_9x9_tough_junction], layout_rooms,
          nicolae_qazlal_scattered_showers, mainiacjoe_overflow_six_doors_small,
          lightli_temple_of_fire, minivault_22, grunt_decor_mini_mirrors
Temple:   eino_temple_lava

Skill      XL: |  1  2  3  4  5  6  7  8  9 10 |
---------------+-------------------------------+-----
Axes           | 2 3 4 5 6 7 8 10 | 10.5
Fighting       | 4 6 8 |  8.7
Dodging        | 2 |  2.0
Throwing       | 1 |  1.0
Armour         | 4 5 |  5.5
Shields        | 4 5 |  5.4

Action                   |  1- 3 |  4- 6 |  7- 9 | 10-12 || total
-------------------------+-------+-------+-------+-------++-------
Melee: War axe           |    78 |   110 |   253 |       ||   441
       Broad axe         |       |       |    77 |    10 ||    87
       Flail             |       |       |       |     8 ||     8
Throw: Boomerang         |       |       |    42 |     3 ||    45
  Use: Scroll            |     6 |    10 |    10 |     4 ||    30
Armor: Scale mail        |    19 |       |       |       ||    19
       Ice dragon scales |    20 |    47 |   170 |       ||   237
       Chain mail        |       |       |    31 |    31 ||    62
Dodge: Dodged            |    31 |    45 |   123 |    13 ||   212
Block: Buckler           |    15 |    17 |    69 |    11 ||   112

Table legend:
 A = Non-vault XP
 B = Vault XP
 C = Vault XP percentage of total XP
 D = Non-vault monster count
 E = Vault monster count
 F = Vault count percentage of total count
                 A         B        C        D         E       F
            +---------+---------+-------+---------+---------+-------
      Total |    4147 |    2460 |  37.2 |     157 |       8 |   4.8
            +---------+---------+-------+---------+---------+-------
        D:1 |      21 |       0 |   0.0 |      14 |       0 |   0.0
        D:2 |     125 |      36 |  22.4 |      17 |       1 |   5.6
        D:3 |     172 |       0 |   0.0 |      21 |       0 |   0.0
        D:4 |     467 |       0 |   0.0 |      25 |       0 |   0.0
        D:5 |     539 |     325 |  37.6 |      25 |       3 |  10.7
        D:6 |     467 |       0 |   0.0 |      17 |       0 |   0.0
        D:7 |    1052 |       0 |   0.0 |      21 |       0 |   0.0
        D:8 |    1304 |    2099 |  61.7 |      17 |       4 |  19.0
            +---------+---------+-------+---------+---------+-------
